 Dungeon Crawl Stone Soup version 0.22-a0-136-g83a10e5 (webtiles) character file.

186 varam the Firebug (level 5, -10/38 HPs)
             Began as a Hill Orc Fire Elementalist on Feb 3, 2018.
             Killed from afar by Karim's ghost (25 damage)
             ... with a flame tongue
             ... on level 5 of the Dungeon.
             The game lasted 00:11:47 (3465 turns).

varam the Firebug (Hill Orc Fire Elementalist)      Turns: 3465, Time: 00:11:47

Health: -10/38     AC:  4    Str: 11    XL:     5   Next: 65%
Magic:  1/7        EV: 12    Int: 16    God:
Gold:   190        SH:  0    Dex: 11    Spells: 4/7 levels left

rFire    . . .     SeeInvis .   f - +0 war axe
rCold    . . .     Gourm    .   (no shield)
rNeg     + . .     Faith    .   l - +2 robe {rN+}
rPois    .         Spirit   .   (no helmet)
rElec    .         Reflect  .   (no cloak)
rCorr    .         Harm     .   (no gloves)
MR       .....                  (no boots)
Stlth    ++........             (no amulet)
HPRegen  0.12/turn              (no ring)
MPRegen  0.10/turn              (no ring)

@: no status effects
A: no striking features
a: no special abilities


You were on level 5 of the Dungeon.
You were very hungry.

You visited 1 branch of the dungeon, and saw 5 of its levels.

You collected 190 gold pieces.

Inventory:

Hand Weapons
 f - a +0 war axe (weapon)
Armour
 a - a +0 robe
 l - a +2 robe of positive energy (worn)
 p - a +0 pair of gloves
Jewellery
 o - an uncursed ring of ice
 w - a +5 ring of strength {unknown}
 y - an uncursed ring of wizardry {unknown}
Wands
 s - a wand of enslavement (6)
Scrolls
 e - 3 scrolls of magic mapping {unknown}
 g - 2 scrolls of amnesia {unknown}
 h - 3 scrolls of remove curse {unknown}
 i - a scroll of enchant armour {unknown}
 k - a scroll of random uselessness {unknown}
 m - 2 scrolls of fog {unknown}
 n - a scroll of fear {unknown}
 r - 5 scrolls of identify {unknown}
 t - a scroll of blinking {unknown}
Potions
 j - 3 potions of agility {unknown}
 q - a potion of ambrosia {unknown}
 u - 3 potions of curing {unknown}
 v - a potion of might {unknown}
 x - a potion of degeneration {unknown}
 z - a potion of flight {unknown}
Books
 b - a book of Flames

   Spells                             Type                      Level
   a - Flame Tongue                   Conjuration/Fire             1
   b - Throw Flame                    Conjuration/Fire             2
   c - Conjure Flame                  Conjuration/Fire             3
   d - Inner Flame                    Hexes/Fire                   3
   e - Sticky Flame                   Conjuration/Fire             4
   f - Fireball                       Conjuration/Fire             5
Comestibles
 c - 6 rations


   Skills:
 - Level 1.9 Axes
 - Level 1.5 Dodging
 - Level 1.5 Stealth
 - Level 1.5 Spellcasting
 * Level 4.1 Conjurations
 + Level 4.5 Fire Magic


You had 4 spell levels left.
You knew the following spells:

 Your Spells              Type           Power        Failure   Level  Hunger
a - Flame Tongue          Conj/Fire      ###..        3%          1    ##.....
b - Throw Flame           Conj/Fire      ###...       5%          2    ###....


Dungeon Overview and Level Annotations

Branches:
Dungeon (5/15)
 Temple: D:4-7

Altars:
Fedhas
The Shining One

Annotations:
D:3 Tovarisch's ghost, amateur MfSu
D:5 Karim's ghost, novice OgFE


Message History

Karim's ghost hits you.
Casting: Flame Tongue (safe; 3% risk of failure)
Confirm with . or Enter, or press ? or * to list all spells.
Aiming: Flame Tongue (safe; 3% risk of failure)
Press: ? - help, Shift-Dir - straight line, f/p - Karim's ghost
Aim: Karim's ghost, wielding a weapon of electrocution (moderately damaged)
The flame tongue hits Karim's ghost.
Karim's ghost is heavily damaged.
Karim's ghost gestures at you while chanting.
The flame tongue misses you.
You slash Karim's ghost!
Karim's ghost is heavily damaged.
Karim's ghost closely misses you.
Karim's ghost says, "Would you like to be cremated?"
Karim's ghost hits you.
You are electrocuted!
Karim's ghost points at you and mumbles some strange words.
The flame tongue hits you!
Ouch! That really hurt!
You die...

###
#<#
#.#
#@#
#.#
#W#
#.#
#.#
#.#
#.#
#.#
#.#


You could see Karim's ghost.

Vanquished Creatures
  3 hounds (D:4)
  Jessica (D:2)
  2 oozes
  3 dart slugs
  A leopard gecko (D:3)
  3 orcs
  A ball python (D:1)
  A giant cockroach (D:1)
  4 goblins
  3 hobgoblins
  7 jackals
  A quokka (D:2)
  5 bats
  5 frilled lizards
  6 kobolds
  10 rats
56 creatures vanquished.

Notes
Turn   | Place    | Note
-------+----------+-------------------------------------------
     0 | D:1      | varam the Hill Orc Fire Elementalist began the quest for the Orb.
     0 | D:1      | Reached XP level 1. HP: 14/14 MP: 3/3
   332 | D:1      | Reached XP level 2. HP: 10/20 MP: 0/4
   588 | D:1      | Reached skill level 2 in Conjurations
  1086 | D:2      | Reached XP level 3. HP: 25/26 MP: 3/5
  1217 | D:2      | Noticed Jessica
  1334 | D:1      | Learned a level 2 spell: Throw Flame
  1343 | D:2      | Killed Jessica
  1343 | D:2      | Reached skill level 1 in Axes
  1343 | D:2      | Reached skill level 3 in Conjurations
  1343 | D:2      | Reached skill level 4 in Fire Magic
  1343 | D:2      | Reached XP level 4. HP: 27/33 MP: 1/6
  1890 | D:3      | Found a faded altar of an unknown god.
  2024 | D:3      | Found a blossoming altar of Fedhas.
  2222 | D:3      | Found a glowing golden altar of the Shining One.
  2269 | D:3      | Noticed Tovarisch's ghost (amateur MfSu)
  2853 | D:4      | Reached XP level 5. HP: 24/38 MP: 0/7
  3311 | D:4      | Reached skill level 4 in Conjurations
  3452 | D:5      | Entered Level 5 of the Dungeon
  3455 | D:5      | Noticed Karim's ghost (novice OgFE)
  3465 | D:5      | Killed from afar by Karim's ghost

Vault maps used:
D:1:      minmay_arrival_widening_spiral_wide
D:2:      first_ration, uniq_jessica
D:3:      old_standard_altar, overflow_temple_1_default,
          chequers_ecumenical_altar_grove, eino_tiny_chamber

Skill      XL: |  1  2  3  4  5 |
---------------+----------------+-----
Conjurations   | 2 3 4 |  4.1
Axes           | 1 |  1.9
Fire Magic     | 4 |  4.5
Dodging        | |  1.5
Stealth        | |  1.5
Spellcasting   | |  1.5

Action                   |  1- 3 |  4- 6 || total
-------------------------+-------+-------++-------
Melee: Whip              |    23 |       ||    23
       Unarmed           |     1 |       ||     1
       War axe           |     5 |   132 ||   137
 Cast: Flame Tongue      |    32 |    36 ||    68
       Throw Flame       |     2 |     1 ||     3
 Stab: Sleeping          |       |     2 ||     2
  Eat: Chunk             |     2 |     7 ||     9
Armor: Robe              |     7 |    89 ||    96
Dodge: Dodged            |    30 |   174 ||   204

Table legend:
 A = Spawn XP
 B = Non-spawn XP
 C = Spawn XP percentage of total XP
 D = Spawn monster count
 E = Non-spawn monster count
 F = Spawn count percentage of total count
 G = Total turns spent on level
                    A         B        C        D         E        F      G
               +---------+---------+-------+---------+---------+-------+---------
         Total |       0 |     266 |   0.0 |       0 |      56 |   0.0 |  3465
               +---------+---------+-------+---------+---------+-------+---------
           D:1 |       0 |      35 |   0.0 |       0 |      19 |   0.0 |  1272
           D:2 |       0 |      76 |   0.0 |       0 |      19 |   0.0 |   642
           D:3 |       0 |      15 |   0.0 |       0 |       9 |   0.0 |   580
           D:4 |       0 |     140 |   0.0 |       0 |       9 |   0.0 |   958
               +---------+---------+-------+---------+---------+-------+---------
